 Dungeon Crawl Stone Soup version 0.27.1-35-g4d5d836560 (webtiles) character file.

Game seed: 13079088017634337983

786 Delamore the Covert (level 7, -2/49 HPs)
             Began as an Octopode Brigand on Apr 12, 2022.
             Killed by divine providence
             ... invoked by an orc priest
              (6 damage)
             ... on level 5 of the Dungeon.
             The game lasted 00:05:08 (4183 turns).

Delamore the Covert (Octopode Brigand)              Turns: 4183, Time: 00:05:09

Health: -2/49      AC:  3    Str: 10    XL:     7   Next: 86%
Magic:  0/7        EV: 12    Int: 14    God:
Gold:   883        SH:  0    Dex: 13    Spells: 6/6 levels left

rFire    + + .     SeeInvis .   a - +2 dagger
rCold    + . .     Faith    .   (no shield)
rNeg     . . .     Spirit   +   (helmet restricted)
rPois    .         Reflect  .   i - amulet of guardian spirit
rElec    .         Harm     .   r - ring of protection from fire
rCorr    +         Rampage  .   t - ring of protection from cold
Will     .....                  d - ring of resist corrosion
Stlth    +++++.....             e - ring of protection from fire
HPRegen  0.16/turn              (no ring)
MPRegen  0.10/turn              (no ring)
                                (no ring)
                                (no ring)

@: lethally poisoned (-2 -> -3)
A: almost no armour, amphibious, 8 rings, camouflage 1, gelatinous body 1,
(nimble swimmer 1), tentacles, tentacle spike 1, iridescent scales 1, clumsy 1,
robust 1
a: no special abilities


You were on level 5 of the Dungeon.
You visited 1 branch of the dungeon, and saw 5 of its levels.

You collected 883 gold pieces.

Inventory:

Hand Weapons
 a - a +2 dagger (weapon)
Missiles
 b - 50 poisoned darts
 g - 4 boomerangs
 m - a curare-tipped dart (quivered)
Jewellery
 d - a ring of resist corrosion (on tentacle)
 e - a ring of protection from fire (on tentacle)
 i - an amulet of guardian spirit (around mantle)
 r - a ring of protection from fire (left tentacle)
 t - a ring of protection from cold (right tentacle)
Wands
 c - a wand of polymorph (6)
Scrolls
 f - a scroll of enchant weapon
 j - a scroll of fear
 k - a scroll of immolation {unknown}
 l - a scroll of magic mapping {unknown}
 n - a scroll of teleportation {unknown}
 o - a scroll of fog {unknown}
Potions
 h - a potion of cancellation {unknown}


   Skills:
 - Level 2.0 Fighting
 * Level 7.2 Short Blades
 - Level 2.0 Throwing
 - Level 1.0 Dodging
 + Level 8.8 Stealth


You had 6 spell levels left.
You didn't know any spells.
Your spell library contained the following spells:

 Spells                   Type           Power      Damage    Failure   Level
 Fireball                 Conj/Fire      0%         3d3       100%        5
 Iskenderun's Battlesphe  Conj           0%         2d6       100%        5
 Iron Shot                Conj/Erth      0%         9d1       100%        6
 Starburst                Conj/Fire      0%         6d3       100%        6
 Spellforged Servitor     Conj/Summ      0%         N/A       100%        7
 Ignition                 Fire           0%         3d3       100%        8


Dungeon Overview and Level Annotations

Branches:
Dungeon (5/15)
 Temple: D:4-7

Altars:
Fedhas

Shops:
D:1 (   D:2 =

Annotations:
D:3 3 runed translucent doors, waddelsworth's ghost, amateur GrEE


Innate Abilities, Weirdness & Mutations

You cannot wear most types of armour.
You are amphibious.
You can wear up to eight rings at the same time.
Your skin changes colour to match your surroundings (Stealth+).
Your rubbery body absorbs attacks. (AC +1, EV +1)
((You are camouflaged near water. (Stealth+)))
You have tentacles for arms and can constrict up to eight enemies at once.
One of your tentacles bears a spike.
You are partially covered in iridescent scales. (AC +2)
You are clumsy. (Dex -2)
You are robust. (+10% HP)


Message History

You constrict the orc, but do no damage.
The orc hits you with a +0 club.
You completely miss the orc.
The orc is lightly wounded.
You constrict the orc, but do no damage.
The orc priest looks braver for a moment.
The orc hits you with a +0 club.
You hit the orc.
The orc is almost dead.
You constrict the orc, but do no damage.
The orc priest invokes the aid of Beogh against you.
Beogh smites you! The orc closely misses you.
You hit the orc but do no damage.
The orc is almost dead.
You constrict the orc, but do no damage.
You hit the orc but do no damage.
The orc is almost dead.
You constrict the orc, but do no damage.
The orc barely misses you.
You hit the orc but do no damage.
You pierce the orc.
You kill the orc!
The orc priest mumbles some strange prayers to Beogh against you.
Beogh smites you!
You miss the water moccasin. Your grab misses the water moccasin.
You pierce the water moccasin.
Your squeeze misses the water moccasin.
The water moccasin is lightly wounded.
The water moccasin bites you.
You are poisoned.
The water moccasin poisons you!
You feel sick. The water moccasin bites you.
You feel sick.
You feel sick.
You feel sick. The water moccasin bites you.
* * * LOW HITPOINT WARNING * * *
You feel sick.
Okay, then.
You feel sick.
The orc priest invokes the aid of Beogh against you.
Beogh smites you!
You die...

#.## #### #.####### ...
##########.......#
...###.####................#
.......)....#####..........#
....##.####o..##..######.###
. #.####...##....##...##
.<.....S.##..........##
#######.@..........[...#
8###8####....#^...........#
....).....####...[........#
........### ##...........##
..........# #..#........##
8###8####.###.######.#.##
#########..##.# #.#.# ####.#
#..###.##.# #...# #.##.#
##.# #..#.# #..##


You could see a water moccasin and an orc priest.

Vanquished Creatures
  Sigmund (D:2)
  2 ogres
  A necrophage (D:3)
  A scorpion (D:5)
  A hound (D:4)
  An orc priest (D:4)
  A gnoll shaman (D:5)
  An iguana (D:4)
  Terence (D:2)
  An orc wizard (D:3)
  A hound skeleton (D:4)
  4 gnolls
  An adder (D:2)
  A howler monkey skeleton (D:4)
  An ufetubus (D:5)
  A worm (D:4)
  A dart slug (D:1)
  5 orcs
  6 endoplasms
  2 giant cockroaches (D:2)
  5 goblins
  4 hobgoblins
  6 kobolds
  6 quokkas
  2 ball pythons
  4 bats
  3 frilled lizards
  8 rats
72 creatures vanquished.

Vanquished Creatures (collateral kills)
  An orc wizard (D:3)
1 creature vanquished.

Vanquished Creatures (others)
  2 fungi (D:3)
  2 plants (D:3)
4 creatures vanquished.

Grand Total: 77 creatures vanquished

Notes
Turn   | Place    | Note
-------+----------+-------------------------------------------
     0 | D:1      | Delamore the Octopode Brigand began the quest for the Orb.
     0 | D:1      | Reached XP level 1. HP: 14/14 MP: 1/1
     7 | D:1      | Found Zan Ziumule's Weapon Shop.
    98 | D:1      | Reached XP level 2. HP: 19/19 MP: 2/2
   449 | D:1      | Reached XP level 3. HP: 20/24 MP: 3/3
   685 | D:2      | Found Owuudiaq's Jewellery Emporium.
   905 | D:2      | Noticed Sigmund
   912 | D:2      | Killed Sigmund
   913 | D:2      | Reached skill level 6 in Stealth
   913 | D:2      | Reached XP level 4. HP: 18/29 MP: 4/4
   913 | D:2      | Reached XP level 5. HP: 21/34 MP: 5/5
  1030 | D:2      | Found a faded altar of an unknown god.
  1086 | D:2      | Noticed Terence
  1095 | D:2      | Killed Terence
  1096 | D:2      | Reached skill level 5 in Short Blades
  1096 | D:2      | Reached skill level 7 in Stealth
  1312 | D:2      | Reached XP level 6. HP: 37/39 MP: 6/6
  1622 | D:3      | Found a blossoming altar of Fedhas.
  1744 | D:3      | Found a runed translucent gate.
  1744 | D:3      | Found a runed translucent gate.
  1744 | D:3      | Found a runed translucent gate.
  1747 | D:3      | Noticed waddelsworth's ghost (amateur GrEE)
  2229 | D:4      | Noticed a necrophage
  2240 | D:3      | HP: 1/39 [something (4)]
  2243 | D:3      | Gained mutation: One of your tentacles bears a spike.
                  | [potion of mutation]
  2243 | D:3      | Gained mutation: You are robust. (+10% HP) [potion of
                  | mutation]
  2243 | D:3      | Gained mutation: You are clumsy. (Dex -2) [potion of
                  | mutation]
  2243 | D:3      | Gained mutation: You are partially covered in iridescent
                  | scales. (AC +2) [potion of mutation]
  2245 | D:3      | HP: 1/42 [something/magic dart (8)]
  2631 | D:3      | Killed a necrophage
  2632 | D:3      | Reached XP level 7. HP: 3/49 MP: 7/7
  3240 | D:4      | Reached skill level 8 in Stealth
  3295 | D:5      | Entered Level 5 of the Dungeon
  3782 | D:4      | Identified a scroll of acquirement
  3796 | D:4      | Acquired 760 gold pieces
  4183 | D:5      | Killed from afar by an orc priest

Illustrated notes

Levels and vault maps discovered:
D:1:      saegor_arrival_miasma, layout_loops_ring, serial_shops, shop
D:2:      layout_loops_ring, serial_shops, shop_fountains,
          chequers_ecumenical_altar_simple_redux, uniq_sigmund, uniq_terence
D:3:      layout_basic, overflow_temple_1_default, gammafunk_ghost_nasty_kobolds
D:4:      layout_rooms, minmay_unequal
D:5:      layout_rooms, serial_corexii_hall, chequers_hall_statues_y,
          corexii_hall_statues_deadend, chequers_hall_statues_wall_a,
          corexii_hall_statues_i, roderic_batcave,
          nicolae_shop_sticking_my_neck_out

Skill      XL: |  1  2  3  4  5  6  7 |
---------------+----------------------+-----
Short Blades   | 3 4 5 6 7 |  7.2
Stealth        | 6 7 8 |  8.8
Fighting       | |  2.0
Throwing       | |  2.0
Dodging        | |  1.0

Action                   |  1- 3 |  4- 6 |  7- 9 || total
-------------------------+-------+-------+-------++-------
Melee: Dagger            |    41 |    66 |    71 ||   178
       Constrict         |     3 |     9 |    16 ||    28
       Tentacles         |     1 |    12 |    16 ||    29
       Kick              |       |     2 |    26 ||    28
Throw: Dart              |     2 |     4 |    10 ||    16
  Use: Scroll            |       |     4 |     3 ||     7
       Potion            |       |     4 |       ||     4
 Stab: Sleeping          |    13 |     9 |     4 ||    26
Armor: Skin              |       |     9 |     6 ||    15
Dodge: Dodged            |    12 |    25 |    28 ||    65
